AoeStats
← kingadelbern

Migration

506534274Analyzed
1v1 RM · 18d ago on Sep 13, 2026· 63m 29s· 2 players
Game mode
Random Map
Map size
132×132
Population
200
Speed
Normal
Resources
Standard
Victory
Conquest
Starting age
Dark Age
Ending age
Imperial Age
RankedLock teamsTeams togetherTeam positionsShared explorationLock speedFull tech treeHidden civsTurbo modeCheats
Victory
Defeat
🇨🇳 Spanish · China
520
+22
🇺🇸 Teutons · United States
646
-22
4****6485
14:10 Feudal Age
14:06 Loom
14:53 Double-Bit Axe
14:50 Horse Collar
15:04 Gold Mining
16:34 Wheelbarrow
17:04 Fishing Lines
19:49 Man-at-Arms
21:09 Forging
21:00 Scale Mail Armor
23:40 Castle Age
21:33 Stone Mining
25:18 Medium Warships
25:07 Fletching
25:52 Iron Casting
25:33 Chain Mail Armor
25:24 Scale Barding Armor
25:05 Long Swordsman
25:50 Squires
26:40 Hand Cart
26:38 Bow Saw
27:35 Careening
28:34 Gillnets
33:55 Ballistics
34:45 Bodkin Arrow
39:09 Imperial Age
37:23 Clinker Construction
40:39 Heavy Warships
40:12 Two-Handed Swordsman
40:47 Arson
42:07 Blast Furnace
41:38 Plate Mail Armor
41:09 Bracer
41:03 Champion
44:08 Chemistry
44:27 Gambesons
45:31 Chain Barding Armor
45:12 Padded Archer Armor
46:45 Pikeman
48:53 Halberdier
51:51 Elite Cannon Galleon
59:27 Leather Archer Armor
59:48 Plate Barding Armor
59:38 Bombard Tower
59:59 Town Watch
kingadelbern
9:35 Loom
12:26 Feudal Age
13:17 Double-Bit Axe
13:28 Gold Mining
15:39 Wheelbarrow
14:52 Horse Collar
20:39 Castle Age
22:52 Medium Warships
23:27 Bow Saw
23:17 Stone Mining
40:53 Imperial Age
38:44 Hand Cart
38:20 Town Watch
38:55 Fishing Lines
40:19 Bloodlines
41:32 Scale Barding Armor
43:30 Crenellations
43:27 Masonry
45:28 Chemistry
44:07 Cavalier
50:04 Bombard Tower
52:38 Elite Skirmisher
60:42 Heavy Warships
60:08 Gillnets
60:19 Fletching
60:52 Chain Barding Armor
Connection lost

Rejoining the realm…

Still unreachable

The connection could not be restored.

Session expired

The server has moved on; the page needs a fresh start.